 Dungeon Sprint DCSS version 0.23-a0-171-g5ae17c6 (webtiles) character file.

4060 Fang the Cleaver (level 10, -5/72 HPs)
             Began as a Gargoyle Berserker on Sept 14, 2018.
             Was an Elder of Trog.
             Slain by a draconian
             ... wielding a +2 vampiric lajatang
              (11 damage)
             ... in the Dungeon (Sprint V: "Ziggurat Sprint").
             The game lasted 00:03:02 (497 turns).

Fang the Cleaver (Gargoyle Berserker)                Turns: 497, Time: 00:03:03

Health: -5/72      AC: 11    Str: 40    XL:     10   Next: 25%
Magic:  4/10       EV: 14    Int:  8    God:    Trog [****..]
Gold:   0          SH:  0    Dex:  9    Spells: 9/9 levels left

rFire    . . .     SeeInvis .   b - +3 broad axe "Reix Piq" {holy, +Rage rElec}
rCold    . . .     Gourm    .   (no shield)
rNeg     + . .     Faith    .   B - +1 robe "Huhob" {Str+4}
rPois    ∞         Spirit   .   (no helmet)
rElec    +         Reflect  .   (no cloak)
rCorr    .         Harm     .   (no gloves)
MR       .....     NoTele   +   (no boots)
Stlth    +++.......             (no amulet)
HPRegen  0.22/turn              D - +6 ring of strength
MPRegen  0.12/turn              E - +6 ring of strength

@: berserk cooldown, slowed, studying Throwing, very slow
A: blurry vision 1, negative energy resistance 1, screaming 1, electricity
resistance, unbreathing, petrification resistance, rot immunity, AC +7
a: Berserk, Trog's Hand, Brothers in Arms, Renounce Religion, Evoke Berserk Rage


You were in the Dungeon.
You worshipped Trog.
Trog was greatly pleased with you.
You were not hungry.

You visited 1 branch

Inventory:

Hand Weapons
 b - the +3 broad axe "Reix Piq" (weapon) {holy, +Rage rElec}
   (You acquired it in the Dungeon)

   It has been blessed by the Shining One to cause great damage to the undead
   and demons.
   It insulates you from electricity.
   It lets you go berserk.
 k - a +5 executioner's axe
 z - a +3 antimagic battleaxe
Armour
 j - +5 shadow dragon scales
 B - the +1 robe "Huhob" (worn) {Str+4}
   (You found it in the Dungeon)

   It affects your strength (+4).
Jewellery
 a - the cursed ring "Wyanal" {rN+ AC-3 Str+2 Stlth-}
   (You found it in the Dungeon)

   [ring of protection]

   It affects your AC (-3).
   It affects your strength (+2).
   It protects you from negative energy.
   It makes you less stealthy.
   It has a curse placed upon it.
 D - a +6 ring of strength (left hand)
 E - a +6 ring of strength (right hand)
Wands
 w - a wand of disintegration (7)
 x - a wand of iceblast (7)
 y - a wand of acid (7)
Scrolls
 i - 4 scrolls of blinking
 l - 7 scrolls of fog
 m - a scroll of holy word
 n - 5 scrolls of identify
 o - 5 scrolls of remove curse
 p - 2 scrolls of fear
Potions
 d - 10 potions of curing
 e - 9 potions of heal wounds
 f - 6 potions of haste
 g - 7 potions of magic
 h - 3 potions of berserk rage
 q - 2 potions of brilliance
 r - 2 potions of invisibility
 s - 4 potions of resistance
 u - 5 potions of agility
 v - 5 potions of might
Books
 t - a manual of Throwing
Miscellaneous
 A - a box of beasts
 C - a lamp of fire
Comestibles
 c - 6 rations


   Skills:
 + Level 12.9 Fighting
 + Level 14.0 Axes
 + Level 8.9 Armour
 + Level 5.3 Dodging
 + Level 5.1 Stealth


You had 9 spell levels left.
You didn't know any spells.
Your spell library was empty.

Dungeon Overview and Level Annotations

Branches:
Dungeon (1/1)

Altars:
Ashenzari
Cheibriados
Dithmenos
Elyvilon
Fedhas
Gozag
Hepliaklqana
Kikubaaqudgha
Makhleb
Nemelex Xobeh
Okawaru
Qazlal
Ru
Sif Muna
Trog
Uskayaw
Vehumet
Wu Jian
Xom
Yredelemnul
Zin
The Shining One
Beogh
Jiyva
Lugonu

Annotations:
D 1 transporter


Innate Abilities, Weirdness & Mutations

You are resistant to torment.
Your stone body is resilient. (AC +7)
You are immune to poison.
You resist negative energy. (rN+)
You are resistant to electric shocks. (rElec)
You can survive without breathing.
You are immune to petrification.
You are immune to rotting.
Scrolls take you a little longer to read.
You occasionally shout uncontrollably at your foes.


Message History

* * * LOW HITPOINT WARNING * * *
The draconian burns you.
* * * LOW HITPOINT WARNING * * *
The draconian hits you but does no damage.
The draconian closely misses you.
The red draconian hits you with a short sword!
* * * LOW HITPOINT WARNING * * *
You see here an uncursed staff of death.
You feel much better.
The green draconian hits you with a glaive!
The green draconian tail-slaps you but does no damage.
The draconian hits you with the +9 glaive of the Hawk {flame, rC+ rN+ MP+9
* * * LOW HITPOINT WARNING * * *
The draconian burns you.
* * * LOW HITPOINT WARNING * * *
The draconian hits you but does no damage.
The red draconian hits you with a short sword!
* * * LOW HITPOINT WARNING * * *
The draconian hits you with a +2 vampiric lajatang!
You die...

▓.▓....▓.▓........▓
▓...©....▓...©....▓
▓▓▓▓▓▓▓▓▓▓▓▓▓▓▓▓▓▓▓
▓..8©8..▓ ▓..))...▓
▓...)[..▓ ▓.......▓
▓...d...▓ ▓..d@d..▓
▓..d.d..▓ ▓.▓.§.▓.▓
▓...©...▓ ▓▓▓▓▓▓▓▓▓


You could see a green draconian, a red draconian and 3 draconians.

Vanquished Creatures
  A draconian (D)
  4 toenail golems (D)
  A golden eye (D)
  A neqoxec (D)
  A floating eye (D)
  A porcupine (D)
  3 eyes of draining (D)
  2 jellies (D)
  An iron imp (D)
  A river rat (D)
  2 oozes (D)
  A jackal (D)
19 creatures vanquished.

Notes
Turn   | Place    | Note
-------+----------+-------------------------------------------
     0 | D        | Found the +6 Majin-Bo {vamp, Archmagi MP+6 Int+6}
     0 | D        | Found the +7 great mace "Firestarter" {inner flame, rF++}
     0 | D        | Fang the Gargoyle Berserker began the quest for the Orb.
     0 | D        | Reached XP level 1. HP: 14/14 MP: 1/1
     3 | D        | Found a blossoming altar of Fedhas.
     4 | D        | Found a viscous altar of Jiyva.
     4 | D        | Found a hazy altar of Hepliaklqana.
     4 | D        | Found a transporter.
     4 | D        | Found an opulent altar of Gozag.
     4 | D        | Found an ancient bone altar of Kikubaaqudgha.
     4 | D        | Found a corrupted altar of Lugonu.
     8 | D        | Found a burning altar of Makhleb.
     9 | D        | Found a sacrificial altar of Ru.
     9 | D        | Found a stormy altar of Qazlal.
     9 | D        | Found a deep blue altar of Sif Muna.
     9 | D        | Found an iron altar of Okawaru.
     9 | D        | Found a bloodstained altar of Trog.
     9 | D        | Found a sparkling altar of Nemelex Xobeh.
    70 | D        | Entered arena 2.
    70 | D        | Noticed an iron imp
    70 | D        | Noticed a neqoxec
    70 | D        | Found a transporter.
    73 | D        | Gained mutation: Scrolls take you a little longer to read.
                  | [a neqoxec]
    74 | D        | Killed an iron imp
    74 | D        | Reached skill level 5 in Fighting
    74 | D        | Reached skill level 4 in Axes
    74 | D        | Reached XP level 2. HP: 21/21 MP: 2/2
    74 | D        | Reached XP level 3. HP: 26/26 MP: 3/3
    75 | D        | Gained mutation: You occasionally shout uncontrollably at
                  | your foes. [a neqoxec]
    78 | D        | Killed a neqoxec
    78 | D        | Reached ** piety under Trog
    78 | D        | Reached skill level 6 in Axes
    78 | D        | Reached XP level 4. HP: 34/34 MP: 4/4
    78 | D        | Reached XP level 5. HP: 38/38 MP: 5/5
   110 | D        | Entered arena 3.
   110 | D        | Noticed a porcupine
   110 | D        | Found a transporter.
   115 | D        | Reached skill level 7 in Axes
   118 | D        | Killed a porcupine
   118 | D        | Reached skill level 8 in Axes
   118 | D        | Reached skill level 5 in Armour
   118 | D        | Reached XP level 6. HP: 30/45 MP: 6/6
   246 | D        | Got the cursed ring "Wyanal" {rN+ AC-3 Str+2 Stlth-}
   254 | D        | Got an iridescent broad axe
   255 | D        | Identified the +3 broad axe "Reix Piq" {holy, +Rage rElec}
                  | (You acquired it in the Dungeon)
   272 | D        | Entered arena 4.
   272 | D        | Noticed a toenail golem
   272 | D        | Noticed a toenail golem
   272 | D        | Noticed a toenail golem
   272 | D        | Noticed a toenail golem
   272 | D        | Found a transporter.
   277 | D        | Killed a toenail golem
   277 | D        | Reached skill level 10 in Fighting
   277 | D        | Reached skill level 10 in Axes
   277 | D        | Reached XP level 7. HP: 52/52 MP: 7/7
   279 | D        | Killed a toenail golem
   279 | D        | Reached *** piety under Trog
   279 | D        | Reached skill level 11 in Axes
   279 | D        | Reached XP level 8. HP: 59/59 MP: 8/8
   282 | D        | Killed a toenail golem
   284 | D        | Killed a toenail golem
   284 | D        | Reached skill level 12 in Axes
   284 | D        | Reached skill level 5 in Dodging
   312 | D        | Reached XP level 9. HP: 66/66 MP: 9/9
   427 | D        | Entered arena 5.
   427 | D        | Found a transporter.
   430 | D        | Reached **** piety under Trog
   434 | D        | Reached skill level 13 in Axes
   434 | D        | Reached XP level 10. HP: 72/72 MP: 0/10
   438 | D        | Entered arena 6.
   438 | D        | Found a transporter.
   442 | D        | Reached ***** piety under Trog
   460 | D        | Received a gift from Trog
   470 | D        | Got the +1 robe "Huhob" {Str+4}
   486 | D        | Entered arena 7.
   486 | D        | Noticed a draconian
   486 | D        | Noticed a green draconian
   486 | D        | Noticed a red draconian
   486 | D        | Noticed a draconian
   486 | D        | Noticed a draconian
   486 | D        | Noticed a draconian
   490 | D        | Found a transporter.
   495 | D        | Killed a draconian
   495 | D        | Reached skill level 14 in Axes
   495 | D        | Reached skill level 5 in Stealth
   496 | D        | HP: 2/72 [red draconian/short sword (9)]
   497 | D        | Slain by a draconian

Vault maps used:
D:        sprint_v

Skill      XL: |  1  2  3  4  5  6  7  8  9 10 |
---------------+-------------------------------+-----
Fighting       | 5 7 8 10 12 | 12.9
Axes           | 4 6 8 10 11 12 13 14 | 14.0
Armour         | 3 4 5 6 7 8 |  8.9
Dodging        | 2 3 4 5 |  5.3
Stealth        | 4 5 |  5.1

Action                   |  1- 3 |  4- 6 |  7- 9 | 10-12 || total
-------------------------+-------+-------+-------+-------++-------
Melee: Executioner's axe |     6 |     5 |       |       ||    11
       Broad axe         |       |     4 |    11 |    11 ||    26
Invok: Berserk           |     1 |     2 |       |     1 ||     4
       Brothers in Arms  |       |       |       |     1 ||     1
  Use: Scroll            |       |     1 |       |       ||     1
       Potion            |       |       |     1 |     1 ||     2
 Stab: Sleeping          |       |       |       |     2 ||     2
  Eat: Ration            |       |       |       |     1 ||     1
Armor: Shadow dragon sca |     3 |     4 |     7 |       ||    14
       Robe              |       |       |       |     3 ||     3
Dodge: Dodged            |     3 |     3 |     3 |     3 ||    12

Table legend:
 A = Non-vault XP
 B = Vault XP
 C = Vault XP percentage of total XP
 D = Non-vault monster count
 E = Vault monster count
 F = Vault count percentage of total count
                 A         B        C        D         E       F
            +---------+---------+-------+---------+---------+-------
      Total |       0 |    3597 | 100.0 |       0 |      19 | 100.0
            +---------+---------+-------+---------+---------+-------
          D |       0 |    3597 | 100.0 |       0 |      19 | 100.0
            +---------+---------+-------+---------+---------+-------
